AoeStats
← LWV | ChrisJedai

Arena

510360276Analyzed
3v3 RM · 1d ago on Sep 30, 2026· 39m 46s· 6 players
Game mode
Random Map
Map size
Normal (6 player)
Population
200
Speed
Normal
Resources
Standard
Victory
Conquest
Starting age
Dark Age
Ending age
Imperial Age
RankedLock teamsTeams togetherTeam positionsShared explorationLock speedFull tech treeHidden civsTurbo modeCheats
Victory
Defeat
🇨🇱 Hindustanis · Chile
1219
+14
🇨🇱 Italians · Chile
1202
+14
🇨🇱 Khmer · Chile
1163
+16
🇷🇺 Turks · Russia
1236
-17
🇷🇺 Franks · Russia
1162
-15
🇰🇿 Danes · Kazakhstan
1101
-12
Александр
8:58 Loom
10:45 Feudal Age
15:04 Castle Age
12:51 Double-Bit Axe
13:31 Horse Collar
15:52 Wheelbarrow
27:53 Heavy Plow
28:03 Bow Saw
27:45 Gold Mining
27:45 Stone Mining
34:26 Imperial Age
32:12 Hand Cart
33:06 Scale Mail Armor
33:17 Forging
34:52 Capped Ram
35:55 Chain Mail Armor
36:16 Iron Casting
36:43 Chemistry
35:49 Siege Engineers
37:08 Gold Shaft Mining
37:14 Stone Shaft Mining
38:04 Plate Mail Armor
38:34 Elite Jomsviking
Ромчик Бумчик
11:55 Feudal Age
11:17 Loom
17:01 Castle Age
21:03 Imperial Age
20:17 Double-Bit Axe
20:15 Horse Collar
21:01 Padded Archer Armor
30:08 Bow Saw
32:19 Gold Mining
35:41 Wheelbarrow
36:56 Hand Cart
36:54 Town Watch
39:28 Two-Man Saw
38:32 Heavy Plow
CowArius
11:17 Feudal Age
14:54 Castle Age
13:07 Double-Bit Axe
16:11 Bow Saw
20:30 Wheelbarrow
20:12 Gold Mining
26:13 Imperial Age
24:20 Hand Cart
24:16 Scale Barding Armor
25:36 Forging
25:47 Chain Barding Armor
25:33 Husbandry
26:18 Cavalier
28:02 Plate Barding Armor
28:03 Iron Casting
28:12 Paladin
31:10 Blast Furnace
30:56 Town Watch
30:56 Loom
35:36 Scale Mail Armor
38:33 Pikeman
38:58 Gambesons
39:14 Squires
38:59 Arson
39:43 Chain Mail Armor
LWV | planb
8:40 Loom
11:12 Feudal Age
11:43 Double-Bit Axe
14:54 Castle Age
15:55 Bow Saw
17:47 Fletching
22:24 Crossbowman
27:48 Town Watch
33:11 Wheelbarrow
35:58 Hand Cart
LWV | AndresO11
9:48 Feudal Age
14:02 Castle Age
12:23 Double-Bit Axe
12:49 Loom
12:50 Horse Collar
15:41 Bow Saw
16:13 Wheelbarrow
18:29 Forging
18:33 Husbandry
21:03 Bloodlines
24:22 Light Cavalry
26:00 Iron Casting
25:31 Scale Barding Armor
29:09 Gold Mining
33:25 Imperial Age
32:45 Scale Mail Armor
33:43 Chain Barding Armor
33:51 Hand Cart
33:22 Town Watch
33:38 Heavy Camel Rider
35:52 Blast Furnace
36:12 Plate Barding Armor
36:07 Imperial Camel Rider
37:02 Scale Mail Armor
LWV | ChrisJedai
10:54 Feudal Age
11:34 Loom
14:41 Castle Age
12:48 Double-Bit Axe
12:54 Horse Collar
15:35 Bow Saw
17:54 Wheelbarrow
18:58 Bloodlines
28:22 Fletching
31:41 Imperial Age
29:01 Town Watch
31:01 Town Patrol
31:35 Padded Archer Armor
31:31 Bodkin Arrow
31:42 Elite Skirmisher
33:23 Murder Holes
35:27 Forging
34:40 Light Cavalry
35:23 Husbandry
35:34 Hussar
38:50 Iron Casting
Connection lost

Rejoining the realm…

Still unreachable

The connection could not be restored.

Session expired

The server has moved on; the page needs a fresh start.